 Dungeon Crawl Stone Soup version 0.24-a0-463-g3510def36b (webtiles) character file.

Game seed: 11580261387033293873

151 mhoghedin the Sneak (level 5, -3/34 HPs)
             Began as an Octopode Assassin on July 2, 2019.
             Slain by an orc
             ... wielding a +4 short sword of speed
              (5 damage)
             ... on level 3 of the Dungeon.
             The game lasted 00:04:33 (3354 turns).

mhoghedin the Sneak (Octopode Assassin)             Turns: 3354, Time: 00:04:33

Health: -3/34      AC:  1    Str: 11    XL:     5   Next: 33%
Magic:  4/5        EV: 13    Int: 14    God:
Gold:   109        SH:  0    Dex: 13    Spells: 3/4 levels left

rFire    . . .     SeeInvis .   a - +2 dagger
rCold    . . .     Gourm    .   (no shield)
rNeg     . . .     Faith    .   (helmet restricted)
rPois    .         Spirit   .   i - amulet of the acrobat
rElec    .         Reflect  .   (no ring)
rCorr    .         Harm     .   (no ring)
MR       .....                  (no ring)
Stlth    +++++.....             (no ring)
HPRegen  0.11/turn              (no ring)
MPRegen  0.09/turn              (no ring)
                                (no ring)
                                (no ring)

@: confusing touch
A: almost no armour, stealthy swim, amphibious, 8 rings, constrict 8, camouflage
1, gelatinous body 1
a: no special abilities


You were on level 3 of the Dungeon.
You were not hungry.

You visited 1 branch of the dungeon, and saw 3 of its levels.

You collected 109 gold pieces.

Inventory:

Hand Weapons
 a - a +2 dagger (weapon)
Missiles
 b - 17 poisoned darts (quivered)
 c - 2 curare-tipped darts
Jewellery
 i - an amulet of the acrobat (around mantle)
   (You found it on level 1 of the Dungeon)
Scrolls
 e - 2 scrolls of identify {unknown}
 m - a scroll of blinking {unknown}
Potions
 g - a potion of degeneration {unknown}
 h - a potion of heal wounds
 j - 2 potions of might {unknown}
Comestibles
 d - a ration
 f - 2 chunks of flesh {@w0}


   Skills:
 - Level 2.0 Fighting
 - Level 3.4 Short Blades
 - Level 2.2 Throwing
 - Level 1.0 Dodging
 + Level 7.4 Stealth
 + Level 1.4 Hexes


You had 3 spell levels left.
You knew the following spells:

 Your Spells              Type           Power        Failure   Level  Hunger
a - Confusing Touch       Hex            #.....       16%         1    ##.....

Your spell library contained the following spells:

 Spells                   Type           Power        Failure   Level  Hunger
 Confuse                  Hex            #.......     43%         3    ####...
 Gell's Gravitas          Tloc           #.........   65%         3    ####...
 Petrify                  Tmut/Erth      #.......     96%         4    #####..
 Metabolic Englaciation   Hex/Ice        #.........   99%         5    ######.
 Yara's Violent Unravell  Hex/Tmut       #.........   99%         5    ######.


Dungeon Overview and Level Annotations

Branches:
Dungeon (3/15)

Altars:


Innate Abilities, Weirdness & Mutations

You cannot wear most types of armour.
You are very stealthy in the water. (Stealth+)
You are amphibious.
You can wear up to eight rings at the same time.
You can use your tentacles to constrict eight enemies at once.
Your skin changes colour to match your surroundings (Stealth+).
Your rubbery body absorbs attacks. (AC +1, EV +1)


Message History

It was a scroll of teleportation.
The bat hits you but does no damage. The bat completely misses you. x2
The bat completely misses you. The bat hits you but does no damage.
The bat completely misses you.
An orc comes into view.
It is wielding a +4 short sword of speed.
Your surroundings suddenly seem different.
The orc moves out of view.
There is a stone staircase leading up here.
You climb upwards.
There is a stone staircase leading down here.
You start resting.
You are feeling hungry.
You regained 12 hp, and now have 18/34 hp.
Unknown command.
You start resting.
Health restored: 34 You eat the ration.
That ration really hit the spot!
There is a stone staircase leading down here.
You climb downwards.
There is a stone staircase leading up, spattered with blood here.
d - a ration
There is an escape hatch in the floor here.
The hobgoblin is too close now for your liking.
A hobgoblin is nearby!
A hobgoblin is nearby!
The bat hits you.
The hobgoblin shouts!
You take 1 damage, and have 33/34 hp.
You barely miss the hobgoblin. You grab the hobgoblin.
You constrict the hobgoblin, but do no damage.
You hit the hobgoblin but do no damage.
You constrict the hobgoblin, but do no damage.
The hobgoblin misses you.
Health restored: 34 You barely miss the hobgoblin.
You constrict the hobgoblin, but do no damage.
The hobgoblin misses you.
You hit the hobgoblin but do no damage. You squeeze the hobgoblin.
You constrict the hobgoblin, but do no damage.
The hobgoblin hits you with a +0 club.
You take 2 damage, and have 32/34 hp.
You hit the hobgoblin but do no damage. You constrict the hobgoblin.
You kill the hobgoblin!
The bat barely misses you.
You barely miss the bat. You grab the bat. You constrict the bat.
The bat hits you but does no damage.
The bat struggles to escape constriction.
The bat escapes!
The bat misses you.
Items here: $ ) [ † a +0 club; a +0 chain mail; 15 gold pieces; a hobgoblin corpse The bat closely misses you.
The bat completely misses you. x2
You hit the bat.
You kill the bat!
No target in view!
You now have 109 gold pieces (gained 15).
Things that are here:
a +0 club; a +0 chain mail; a hobgoblin corpse You butcher the hobgoblin corpse.
f - 2 chunks of flesh {@w0}
Things that are here:
a +0 club; a +0 chain mail; a hobgoblin skeleton
Okay, then.
Unknown command.
You see here 13 stones.
j - 2 green potions Health restored: 34 The orc is too close now for your liking.
The orc shouts! x2; You hear a shout!
The orc throws a boomerang.
The boomerang closely misses you.
The weapon returns to the orc!
The orc barely misses you.
You barely miss the orc. You grab the orc. You constrict the orc.
The orc hits you with a +0 club.
You take 2 damage, and have 32/34 hp.
You hit the orc. You constrict the orc. The orc misses you.
The orc barely misses you.
You hit the orc.
You kill the orc!
The orc completely misses you.
Your tentacles begin to glow red.
The orc hits you with a +4 short sword of speed.
The orc priest mumbles some strange prayers to Beogh against you.
Beogh smites you! The orc hits you with a +0 whip.
You take 20 damage, and have 12/34 hp.
MASSIVE DAMAGE!!
You now have 4/5 mp.
Unknown command.
You barely miss the orc priest. You grab the orc priest.
You constrict the orc priest. The orc barely misses you.
The orc priest hits you.
* * * LOW HITPOINT WARNING * * *
The orc hits you with a +0 whip!
* * * LOW HITPOINT WARNING * * *
You take 10 damage, and have 2/34 hp.
MASSIVE DAMAGE!!
You completely miss the orc priest. You constrict the orc priest.
The orc hits you with a +4 short sword of speed.
You die...

*,,,,,,,,,..........#####*,*** #.
*,,,,,,,,,...o...........,,* ##.
*,,,,,,,,,o...............**###..
*,,,,,,,,,o...............#*....[
*,,,,,,,,,,,,,,,#.........##.##..
*,,,,,,,,,,,,,,,#.#>.......>.....
**,,,,,,,,,,,,,##.#.......#.###..
**,,,,,*,,,,,##oo...............
************#.@o#...........###
#...##.......##....
#..###......####### #####
#..###.###.## ### ....#
##..##..†...# #.. ..(.##
#...##...#########.# .....#
#..###.### #.......
.....#########..###.# #.#....#
..........#.........# #.#.####


You could see an orc priest and 2 orcs.

Vanquished Creatures
  3 adders (D:3)
  4 gnolls (D:2)
  2 oozes
  A worm (D:2)
  2 dart slugs
  3 leopard geckos
  5 orcs
  7 giant cockroaches
  6 goblins
  3 hobgoblins
  4 jackals (D:3)
  8 kobolds
  A quokka (D:3)
  4 bats
  6 frilled lizards
  5 rats
64 creatures vanquished.

Vanquished Creatures (others)
  A plant (D:1)
1 creature vanquished.

Grand Total: 65 creatures vanquished

Notes
Turn   | Place    | Note
-------+----------+-------------------------------------------
     0 | D:1      | mhoghedin the Octopode Assassin began the quest for the
                  | Orb.
     0 | D:1      | Reached XP level 1. HP: 14/14 MP: 1/1
    78 | D:1      | Reached XP level 2. HP: 19/19 MP: 2/2
   738 | D:1      | Reached skill level 6 in Stealth
   799 | D:1      | Reached XP level 3. HP: 21/24 MP: 3/3
  1193 | D:2      | Reached skill level 3 in Short Blades
  1227 | D:2      | Reached XP level 4. HP: 11/29 MP: 4/4
  1807 | D:2      | Learned a level 1 spell: Confusing Touch
  2217 | D:3      | Reached skill level 7 in Stealth
  2411 | D:3      | Reached XP level 5. HP: 19/34 MP: 3/5
  2415 | D:3      | Reached skill level 1 in Hexes
  2969 | D:3      | HP: 6/34 [orc priest/divine providence (13)]
  2974 | D:3      | HP: 5/34 [bat (1)]
  3353 | D:3      | HP: 2/34 [orc/+0 whip (8)]
  3354 | D:3      | Slain by an orc

Levels and vault maps discovered:
D:1:      onia_arrival_mini_spirals, layout_loops_corners, serial_bayou,
          serial_bayou_crossing, serial_bayou_lake_a, serial_bayou_lagoon_b,
          serial_bayou_lagoon_a
D:2:      layout_basic, hangedman_decor_riveting
D:3:      layout_rooms

Skill      XL: |  1  2  3  4  5 |
---------------+----------------+-----
Stealth        | 6 7 |  7.4
Short Blades   | 3 |  3.4
Hexes          | 1 |  1.4
Fighting       | |  2.0
Throwing       | |  2.2
Dodging        | |  1.0

Action                   |  1- 3 |  4- 6 || total
-------------------------+-------+-------++-------
Melee: Dagger            |    45 |    82 ||   127
       Constrict         |     9 |    25 ||    34
       Tentacles         |     8 |    19 ||    27
Throw: Dart              |       |     5 ||     5
 Cast: Confusing Touch   |       |     5 ||     5
  Use: Scroll            |       |     4 ||     4
       Potion            |       |     2 ||     2
 Stab: Sleeping          |    10 |     7 ||    17
       Confused          |       |     2 ||     2
       Distracted        |       |     1 ||     1
  Eat: Chunk             |     1 |     2 ||     3
       Ration            |       |     2 ||     2
Armor: Skin              |       |    10 ||    10
Dodge: Dodged            |    22 |    81 ||   103

Table legend:
 A = Non-vault XP
 B = Vault XP
 C = Vault XP percentage of total XP
 D = Non-vault monster count
 E = Vault monster count
 F = Vault count percentage of total count
                 A         B        C        D         E       F
            +---------+---------+-------+---------+---------+-------
      Total |     216 |       0 |   0.0 |      64 |       0 |   0.0
            +---------+---------+-------+---------+---------+-------
        D:1 |      42 |       0 |   0.0 |      19 |       0 |   0.0
        D:2 |     100 |       0 |   0.0 |      24 |       0 |   0.0
        D:3 |      74 |       0 |   0.0 |      21 |       0 |   0.0
            +---------+---------+-------+---------+---------+-------

Levels and vault maps discovered:
D:1:      onia_arrival_mini_spirals, layout_loops_corners, serial_bayou,
          serial_bayou_crossing, serial_bayou_lake_a, serial_bayou_lagoon_b,
          serial_bayou_lagoon_a
D:2:      layout_basic, hangedman_decor_riveting
D:3:      layout_rooms

Table legend:
 A = Turns spent in this place as a percentage of turns spent in the entire game.
 B = Non-inter-level travel turns spent in this place as a percentage of non-inter-level travel turns spent in the entire game.
 C = Inter-level travel turns spent in this place as a percentage of turns spent in this place.
 D = Turns resting spent in this place as a percentage of non-inter-level travel turns spent in this place.
 E = Turns spent auto-exploring this place as a percentage of non-inter-level travel turns spent in this place.
 F = Non-inter-level travel turns spent in this place divided by the number of levels of this place that you've seen.
                   A       B       C       D       E      F
               +-------+-------+-------+-------+-------+----------------------
         Total | 100.0 | 100.0 |   4.1 |  36.5 |  47.5 | 1072.3
       Dungeon | 100.0 | 100.0 |   4.1 |  36.5 |  47.5 | 1072.3
               +-------+-------+-------+-------+-------+----------------------

Table legend:
 A = Kills in this place as a percentage of kills in entire the game.
 B = Kills by you in this place as a percentage of kills by you in the entire game.
 C = Kills by friends in this place as a percentage of kills by friends in the entire game.
 D = Other kills in this place as a percentage of other kills in the entire game.
 E = Experience gained in this place as a percentage of experience gained in the entire game.
 F = Experience gained in this place divided by the number of levels of this place that you have seen.
                   A       B       C       D       E      F
               +-------+-------+-------+-------+-------+----------------------
         Total | 100.0 | 100.0 |   N/A |   N/A | 100.0 |  72.0
       Dungeon | 100.0 | 100.0 |   N/A |   N/A | 100.0 |  72.0
               +-------+-------+-------+-------+-------+----------------------
